 Dungeon Crawl Stone Soup version 0.30.0 (webtiles) character file.

Game seed: 14451729656130973324

613 jimonade the Twirler (level 7, 0/55 HPs)
             Began as a Human Monk on May 7, 2023.
             Slain by a black bear (5 damage)
             ... on level 4 of the Dungeon.
             The game lasted 00:06:23 (3580 turns).

jimonade the Twirler (Human Monk)                   Turns: 3580, Time: 00:06:23

Health: 0/55       AC: 11    Str: 12    XL:     7   Next: 73%
Magic:  7/7        EV:  7    Int: 10    God:
Gold:   153        SH:  0    Dex: 17    Spells: 6/6 levels left

rFire   + . .        a - +0 lajatang
rCold   . . .        (shield currently unavailable)
rNeg    . . .        w - +0 chain mail
rPois   .            (no helmet)
rElec   .            v - +0 cloak
rCorr   .            y - +0 pair of gloves
SInv    .            (no boots)
Will    .....        z - amulet of faith Stlth
                     s - ring of protection from fire
HPRegen 0.29/turn    (no ring)
MPRegen 0.10/turn

%: faith
@: no status effects
A: no striking features
a: no special abilities


You were on level 4 of the Dungeon.
You visited 1 branch of the dungeon, and saw 4 of its levels.

You collected 153 gold pieces.

Inventory:

Hand Weapons
 a - a +0 lajatang (weapon)
 h - a +0 falchion
 C - a +0 quarterstaff
Missiles
 t - 3 poisoned darts (quivered)
Armour
 b - a +0 robe
 d - an orb of light
 j - a +0 leather armour
 v - a +0 cloak (worn)
 w - a +0 chain mail (worn)
 y - a +0 pair of gloves (worn)
 A - a +0 ring mail
Jewellery
 s - a ring of protection from fire (left hand)
 z - an amulet of faith (around neck)
Wands
 p - a wand of polymorph (9)
Scrolls
 f - 2 scrolls of poison
 g - a scroll of vulnerability
 k - 2 scrolls of blinking
 n - a scroll of teleportation
 B - a scroll of acquirement {unknown}
 D - a scroll of torment {unknown}
Potions
 c - a potion of ambrosia
 e - 2 potions of mutation {unknown}
 i - a potion of cancellation {unknown}
 l - 4 potions of curing {unknown}
 m - a potion of lignification {unknown}
 o - 2 potions of might
 q - a potion of flight {unknown}
 r - a potion of attraction {unknown}
 u - a potion of heal wounds {unknown}
 E - a potion of haste {unknown}


   Skills:
 + Level 4.3 Fighting
 + Level 4.0 Long Blades
 + Level 5.2 Staves
 + Level 2.3 Armour
 + Level 3.9 Dodging
 + Level 0.2 Stealth


You had 6 spell levels left.
You didn't know any spells.
Your spell library contained the following spells:

 Spells                   Type           Power      Damage    Failure   Level
 Shock                    Conj/Air       0%         1d3       100%        1
 Hailstorm                Conj/Ice       0%         3d3       100%        3
 Swiftness                Air            0%         N/A       100%        3
 Airstrike                Air            0%         2d(0-16)  100%        4
 Animate Dead             Necr           0%         N/A       100%        4
 Ice Form                 Ice/Tmut       0%         N/A       100%        4
 Borgnjor's Vile Clutch   Necr/Erth      0%         N/A       100%        5
 Death Channel            Necr           0%         N/A       100%        6
 Simulacrum               Ice/Necr       0%         N/A       100%        6


Dungeon Overview and Level Annotations

Branches:
Dungeon (4/15)
 Temple: D:4-7

Altars:


Message History

The black bear goes berserk!
You closely miss the black bear.
The black bear is severely wounded.
The black bear bites you.
The black bear claws you but does no damage. x2
You hit the black bear but do no damage.
The black bear is severely wounded.
The black bear bites you.
The black bear claws you but does no damage. x2
The black bear bites you!
The black bear claws you but does no damage.
The black bear closely misses you.
You are too injured to fight recklessly!
You are too injured to fight recklessly!
You are too injured to fight recklessly!
You hit the black bear but do no damage.
The black bear is severely wounded.
The black bear bites you. The black bear claws you. x2
The black bear barely misses you. The black bear claws you.
* * * LOW HITPOINT WARNING * * *
The black bear claws you.
* * * LOW HITPOINT WARNING * * *
You barely miss the black bear.
The black bear is severely wounded.
The black bear barely misses you. The black bear claws you.
* * * LOW HITPOINT WARNING * * *
The black bear closely misses you.
You hit the black bear.
The black bear is almost dead.
The black bear bites you but does no damage.
The black bear barely misses you.
The black bear claws you but does no damage.
The black bear bites you but does no damage.
The black bear claws you.
* * * LOW HITPOINT WARNING * * *
The black bear barely misses you.
You hit the black bear but do no damage.
The black bear is almost dead.
The black bear bites you.
You die...

.....####...##
..## ###.## #..#
##.. .# #### #..
...#### #....
......#
.#.....####..##
#######
..............#
#.h@..## ######
#.###..## ......
..
##..############
...
##..........##.
...
##########....
## ####. ##


You could see a black bear (berserk).

Vanquished Creatures
  Edmund (D:3)
  Duvessa (D:4)
  A scorpion (D:4)
  Dowan (D:3)
  Jessica (D:3)
  An iguana (D:4)
  Natasha (thrice) (D:2)
  An orc wizard (D:3)
  3 gnolls
  3 adders (D:2)
  A worm (D:3)
  2 dart slugs (D:1)
  5 orcs (D:3)
  4 ball pythons
  6 endoplasms
  6 giant cockroaches
  7 goblins
  4 hobgoblins
  12 jackals
  2 quokkas
  2 bats
  2 frilled lizards
  5 kobolds
  3 rats (D:1)
77 creatures vanquished.

Notes
Turn   | Place    | Note
-------+----------+-------------------------------------------
     0 | D:1      | jimonade the Human Monk began the quest for the Orb.
     0 | D:1      | Reached XP level 1. HP: 18/18 MP: 1/1
    30 | D:1      | Reached XP level 2. HP: 16/24 MP: 2/2
   221 | D:1      | Reached XP level 3. HP: 27/29 MP: 3/3
  1128 | D:2      | Found a faded altar of an unknown god.
  1153 | D:2      | Reached XP level 4. HP: 19/35 MP: 4/4
  1248 | D:2      | Noticed Natasha
  1258 | D:2      | Killed Natasha
  1259 | D:2      | Reached skill level 1 in Staves
  1318 | D:2      | Noticed Natasha
  1373 | D:2      | Killed Natasha
  1374 | D:2      | Reached XP level 5. HP: 24/41 MP: 5/5
  1393 | D:2      | Noticed Natasha
  1398 | D:2      | Killed Natasha
  1665 | D:2      | Reached skill level 2 in Staves
  1930 | D:3      | Reached skill level 1 in Armour
  2303 | D:3      | Reached XP level 6. HP: 48/48 MP: 6/6
  2668 | D:3      | Noticed Jessica
  2685 | D:3      | Killed Jessica
  2686 | D:3      | Reached skill level 3 in Staves
  2999 | D:4      | Reached skill level 4 in Staves
  3055 | D:4      | Noticed Edmund
  3055 | D:4      | Noticed Dowan
  3057 | D:4      | Noticed Duvessa
  3142 | D:3      | Killed Edmund
  3143 | D:3      | Reached XP level 7. HP: 12/54 MP: 7/7
  3299 | D:4      | Killed Duvessa
  3300 | D:4      | Reached skill level 5 in Staves
  3535 | D:3      | Killed Dowan
  3580 | D:4      | Slain by a black bear

Illustrated notes

Levels and vault maps discovered:
D:1:      psy_arrival_fountain, layout_basic, chequers_arboretum,
          minmay_worlds_worst_comb
D:2:      layout_rooms, chequers_ecumenical_altar_simple_redux, minivault_11,
          uniq_natasha
D:3:      layout_basic, uniq_jessica
D:4:      layout_rooms, nicolae_overflow_crystal_walls, uniq_edmund,
          uniq_duvessa

Skill      XL: |  1  2  3  4  5  6  7 |
---------------+----------------------+-----
Staves         | 1 2 4 5 |  5.2
Long Blades    | 4 |  4.0
Armour         | 1 2 |  2.3
Fighting       | 4 |  4.3
Dodging        | |  3.9
Stealth        | |  0.2

Action                     |  1- 3 |  4- 6 |  7- 9 || total
---------------------------+-------+-------+-------++-------
  Melee: Falchion          |    46 |       |       ||    46
         Lajatang          |    25 |   164 |    35 ||   224
    Use: Scroll            |       |     7 |       ||     7
         Potion            |       |     1 |       ||     1
 Armour: Robe              |    11 |       |       ||    11
         Leather armour    |     4 |     7 |       ||    11
         Chain mail        |       |    70 |    37 ||   107
  Dodge: Dodged            |    63 |    82 |    23 ||   168
